 Dungeon Crawl Stone Soup version 0.32-a0-42-ga30500b4d3 (webtiles) character file.

Game seed: 1270368758566217301

37 grandjackal the Slasher (level 3, -2/28 HPs)
             Began as a Demonspawn Gladiator on Jan 29, 2024.
             Frozen to death by an endoplasm (3 damage)
             ... on level 1 of the Dungeon.
             The game lasted 00:01:15 (662 turns).

grandjackal the Slasher (Demonspawn Gladiator)       Turns: 662, Time: 00:01:16

Health: -2/28      AC:  5    Str: 14    XL:     3   Next: 21%
Magic:  3/3        EV: 13    Int:  8    God:
Gold:   38         SH:  0    Dex: 22    Spells: 2/2 levels left

rFire   . . .        a - +0 long sword
rCold   . . .        (no shield)
rNeg    . . .        b - +0 leather armour
rPois   .            c - +0 helmet
rElec   .            h - +0 cloak
rCorr   .            (no gloves)
SInv    .            (no boots)
Will    .....        (no amulet)
Stlth   ++           k - +6 ring of dexterity
HPRegen 0.24/turn    (no ring)
MPRegen 0.08/turn

%: no passive effects
@: no status effects
A: foul stench 2
a: no special abilities


You were on level 1 of the Dungeon.
You visited 1 branch of the dungeon, and saw 2 of its levels.

You collected 38 gold pieces.

Inventory:

Hand Weapons
 a - a +0 long sword (weapon)
 g - a +3 short sword
Missiles
 d - 3 throwing nets (quivered)
 e - a javelin
Armour
 b - a +0 leather armour (worn)
 c - a +0 helmet (worn)
 h - a +0 cloak (worn)
Jewellery
 k - a +6 ring of dexterity (left hand)
Scrolls
 j - a scroll of identify {unknown}
Potions
 f - a potion of haste {unknown}
 i - a potion of brilliance {unknown}
 l - a potion of berserk rage {unknown}


   Skills:
 + Level 2.7 Fighting
 + Level 3.2 Long Blades
 - Level 2.0 Throwing
 - Level 3.0 Dodging


You had 2 spell levels left.
You didn't know any spells.
Your spell library contained the following spells:

 Spells                   Type           Power      Damage    Failure   Level
 Jinxbite                 Hex            0%         N/A       63%         2
 Yara's Violent Unravell  Hex/Alch       0%         3d3       100%        5
 Enfeeble                 Hex            0%         N/A       100%        7


Dungeon Overview and Level Annotations

Branches:
Dungeon (2/15)

Altars:


Innate Abilities, Weirdness & Mutations

You sometimes emit foul miasma when damaged in melee.


Message History

You see here a +0 dagger.
You closely miss the quokka.
The quokka bites you but does no damage.
You hit the quokka.
The quokka is heavily wounded.
The quokka closely misses you. The quokka barely misses you.
You hit the quokka.
You kill the quokka!
No target in view!
No target in view!
There is a stone staircase leading up here.
You start resting.
HP restored.
You climb upwards.
The bat completely misses you. The gnoll barely misses you.
There is a stone staircase leading down here.
You slash the gnoll!
The gnoll is heavily wounded.
The bat hits you but does no damage. The gnoll hits you with a +0 flail!
You hit the gnoll.
The gnoll is severely wounded.
The bat closely misses you. x2; The gnoll hits you with a +0 flail!
The bat hits you but does no damage. The gnoll hits you with a +0 flail.
* * * LOW HITPOINT WARNING * * *
You are too injured to fight recklessly!
You are too injured to fight recklessly!
Unknown command.
You hit the gnoll.
The gnoll is almost dead.
The bat hits you but does no damage. The bat closely misses you.
The endoplasm barely misses you. The gnoll completely misses you.
Unknown command.
You slash the gnoll!
You kill the gnoll!
The endoplasm closely misses you. The endoplasm freezes you.
You are frozen.
* * * LOW HITPOINT WARNING * * *
The endoplasm freezes you.
You are frozen.
You die...

#.........# #.####.....J....
#.........#######.#..#.#.###.##
#..#...#..#.....#....#.#.# #
#..°......#.###.#.....J..###
....○.≈..(..###.#.#..g.....#
#..#.8.#..#..)..#.#..#.#.#.#
#.........#.....#b#..#.#...#
####+#+####.†####J#..#...#.#
.')'.#)'.'......@J.....###.#
####.#.###.###.).##..#.# #
#.#.#.....#.........#
#...#.#.#.#............
#.....#.#.#.#.......###
#####...# #.#.#....... .###
#.#.#.##..### # #.###.> ... ...
#


You could see 2 endoplasms and a bat.

Vanquished Creatures
  A gnoll (D:1)
  3 endoplasms (D:1)
  2 giant cockroaches (D:1)
  5 goblins
  2 hobgoblins (D:1)
  2 jackals (D:1)
  3 quokkas
  A ball python (D:1)
  3 bats
  3 frilled lizards (D:1)
  6 kobolds (D:1)
  2 rats (D:1)
33 creatures vanquished.

Notes
Turn   | Place    | Note
-------+----------+-------------------------------------------
     0 | D:1      | grandjackal the Demonspawn Gladiator began the quest for
                  | the Orb.
     0 | D:1      | Reached XP level 1. HP: 16/16 MP: 1/1
   109 | D:1      | Gained mutation: You may rarely emit foul miasma when
                  | damaged in melee. [demonic ancestry]
   109 | D:1      | Reached XP level 2. HP: 22/22 MP: 2/2
   565 | D:1      | Gained mutation: You sometimes emit foul miasma when
                  | damaged in melee. [demonic ancestry]
   565 | D:1      | Reached XP level 3. HP: 28/28 MP: 3/3
   662 | D:1      | HP: 1/28 [frozen (5)]
   662 | D:1      | Frozen to death by an endoplasm

Illustrated notes

Levels and vault maps discovered:
D:1:      shiori_arrival_oz, layout_basic,
          hellmonk_ecumenical_altar_arch_garden, kennysheep_flooded_box,
          chequers_serial_rivers_micro_b, chequers_garden, minmay_unequal
D:2:      cheibrodos_pilgrimage, layout_rooms, uniq_terence

Skill      XL: |  1  2 |
---------------+-------+-----
Throwing       | 2 |  2.0
Dodging        | 3 |  3.0
Long Blades    | 3 |  3.2
Fighting       | |  2.7

Action                     || total
---------------------------++-------
  Melee: Long sword        ||    92
   Stab: Sleeping          ||     1
 Armour: Leather armour    ||    50
  Dodge: Dodged            ||    95

Table legend: (Time is in decaauts)
 A = Elapsed time spent in this place.
 B = Non-inter-level travel time spent in this place.
 C = Inter-level travel time spent in this place.
 D = Time resting spent in this place.
 E = Time spent auto-exploring this place.
 F = Levels seen in this place.
 G = Mean time per level.
                   A        B        C        D        E       F      G
               +--------+--------+--------+--------+--------+-----+--------+
         Total |    684 |    684 |      0 |     32 |    388 |   2 |  342.0 |
       Dungeon |    684 |    684 |      0 |     32 |    388 |   2 |  342.0 |
               +--------+--------+--------+--------+--------+-----+--------+

Top non-repeatable levels by time:
     D:1: 636 daAuts
     D:2: 48 daAuts
